 Dungeon Crawl Stone Soup version 0.21-a0-440-g28109cb (webtiles) character file.

1738 tof the Twirler (level 8, 0/62 HPs)
             Began as a Demonspawn Gladiator on Nov 11, 2017.
             Slain by a seven-headed hydra (6 damage)
             ... on level 7 of the Dungeon.
             The game lasted 00:12:52 (6284 turns).

tof the Twirler (Demonspawn Gladiator)              Turns: 6284, Time: 00:12:52

Health: 0/62       AC: 14    Str: 16    XL:     8   Next: 77%
Magic:  2/2        EV: 15    Int:  9    God:
Gold:   444        SH:  0    Dex: 16    Spells: 6/7 levels left

rFire    . . .     SeeInvis .   x - +2 trident (antimagic)
rCold    + . .     Gourm    .   (no shield)
rNeg     + . .     Faith    .   q - +1 leather armour {rC+}
rPois    .         Spirit   .   y - +2 helmet
rElec    .         Reflect  .   (no cloak)
rCorr    .         Harm     .   p - +0 pair of gloves
MR       .....                  (no boots)
Stlth    +.........             (no amulet)
HPRegen  0.20/turn              E - ring of positive energy
MPRegen  0.08/turn              (no ring)

@: no status effects
A: talons 1, iridescent scales 3, blink, demonic guardian 2
a: Blink


You were on level 7 of the Dungeon.
You were hungry.

You visited 1 branch of the dungeon, and saw 7 of its levels.

You collected 444 gold pieces.

Inventory:

Hand Weapons
 a - a +0 quarterstaff
 x - a +2 antimagic trident (weapon)
Missiles
 d - 3 throwing nets
 v - 4 javelins of returning (quivered)
Armour
 p - a +0 pair of gloves (worn)
 q - a +1 leather armour of cold resistance (worn)
 y - a +2 helmet (worn)
Magical Staves
 C - an uncursed staff of wizardry {unknown}
Jewellery
 E - a ring of positive energy (left hand)
Wands
 b - a wand of clouds (6/9)
 H - a wand of disintegration (11/24)
Scrolls
 e - 5 scrolls of teleportation {unknown}
 h - a scroll of recharging {unknown}
 j - 7 scrolls of magic mapping {unknown}
 m - a scroll of noise {unknown}
 r - 4 scrolls of remove curse {unknown}
 s - 7 scrolls of identify {unknown}
 t - a scroll of enchant weapon {unknown}
 w - 2 scrolls of immolation {unknown}
 D - a scroll of amnesia {unknown}
Potions
 g - 2 potions of haste {unknown}
 i - 3 potions of degeneration {unknown}
 k - a potion of heal wounds {unknown}
 n - 2 potions of might {unknown}
 u - a potion of invisibility {unknown}
 z - a potion of lignification {unknown}
 A - 2 potions of curing {unknown}
 B - a potion of mutation {unknown}
 F - a potion of agility
 G - 2 potions of berserk rage {unknown}
 I - 3 potions of flight {unknown}
Books
 K - a book of Cantrips

   Spells                             Type                      Level
   a - Confusing Touch                Hexes                        1
   b - Animate Skeleton               Necromancy                   1
   c - Summon Small Mammal            Summoning                    1
   d - Apportation                    Translocation                1
Comestibles
 c - 5 royal jellies
 f - 5 bread rations
 l - 5 fruits
 o - 5 meat rations


   Skills:
 + Level 5.2 Fighting
 * Level 6.8 Staves
 + Level 4.6 Throwing
 + Level 5.1 Dodging
 + Level 2.9 Hexes


You had 6 spell levels left.
You knew the following spells:

 Your Spells              Type           Power        Failure   Level  Hunger
a - Confusing Touch       Hex            #.....       16%         1    ##.....


Dungeon Overview and Level Annotations

Branches:
Dungeon (7/15)             Temple (0/1) D:6

Altars:
Elyvilon
Sif Muna
Vehumet
The Shining One

Shops:
D:5 [


Innate Abilities, Weirdness & Mutations

You have sharp toenails.
You are completely covered in iridescent scales. (AC +6)
A demonic guardian rushes to your aid.
You can translocate small distances at will.


Message History

You hit the seven-headed hydra.
You claw the seven-headed hydra, but do no damage.
The seven-headed hydra is almost dead.
The seven-headed hydra bites you but does no damage.
The seven-headed hydra bites you.
* * * LOW HITPOINT WARNING * * *
The seven-headed hydra bites you.
* * * LOW HITPOINT WARNING * * *
The seven-headed hydra bites you but does no damage. x4
You barely miss the seven-headed hydra. You claw the seven-headed hydra.
The seven-headed hydra is almost dead.
The seven-headed hydra barely misses you.
The seven-headed hydra closely misses you.
The seven-headed hydra bites you.
* * * LOW HITPOINT WARNING * * *
The seven-headed hydra misses you.
The seven-headed hydra bites you but does no damage.
The seven-headed hydra closely misses you.
The seven-headed hydra bites you.
You die...

#.# #.....#
#.####..##.#
#.......##.#
########
#######)##.#
.......# #†##.#
######D# #)##.#
#.# ........##.#
#)############.#
#.>..)....D@...#
#..#############
#..########
######..)).....#
...#....######.#
##.#.#### #.#
#.#.#########.#
##.#...........#
...###########.#


You could see a seven-headed hydra.

Vanquished Creatures
  A gnoll sergeant (D:7)
  3 howler monkeys
  A jelly (D:6)
  A crimson imp (D:7)
  A bullfrog zombie (D:6)
  An orc priest (D:5)
  3 hounds
  4 orc wizards
  Jessica (D:2)
  2 iguanas
  4 worker ants
  2 hound skeletons
  A worker ant zombie (D:5)
  Robin (D:3)
  7 adders
  9 gnolls (D:7)
  2 adder skeletons
  2 worms (D:2)
  2 dart slugs
  2 leopard geckos
  26 orcs
  2 ball pythons
  4 giant cockroaches
  14 goblins
  8 hobgoblins
  8 jackals
  7 kobolds
  2 quokkas
  6 bats
  2 frilled lizards
  A jackal skeleton (D:5)
  2 rats
132 creatures vanquished.

Vanquished Creatures (collateral kills)
  The ghost of kae the Cleaver, a novice HOFi of Okawaru (D:7)
  An orc warrior (D:5)
  A sky beast (D:5)
  2 phantoms
  A water moccasin zombie (D:5)
  A scorpion (D:4)
  An orc wizard (D:5)
  Ijyb (D:3)
  An iguana (D:5)
  A worker ant (D:5)
  4 orcs
  A ball python (D:7)
  A hobgoblin (D:3)
  A bat (D:3)
  A frilled lizard (D:5)
  A goblin (D:3)
20 creatures vanquished.

Grand Total: 152 creatures vanquished

Notes
Turn   | Place    | Note
-------+----------+-------------------------------------------
     0 | D:1      | tof the Demonspawn Gladiator began the quest for the Orb.
     0 | D:1      | Reached XP level 1. HP: 16/16 MP: 1/1
   465 | D:1      | Gained mutation: You are partially covered in iridescent scales. (AC +2) [demonic ancestry]
   465 | D:1      | Reached XP level 2. HP: 22/22 MP: 2/2
   858 | D:2      | Noticed Jessica
   865 | D:2      | Killed Jessica
   865 | D:2      | Reached skill level 3 in Staves
   865 | D:2      | Gained mutation: A weak demonic guardian rushes to your aid. [demonic ancestry]
   865 | D:2      | Reached XP level 3. HP: 28/28 MP: 3/3
  1036 | D:2      | Gained mutation: You have sharp toenails. [demonic ancestry]
  1036 | D:2      | Reached XP level 4. HP: 26/34 MP: 4/4
  1628 | D:3      | Noticed Ijyb
  1635 | D:3      | Killed Ijyb
  1667 | D:3      | Found a faded altar of an unknown god.
  1702 | D:3      | Gained mutation: You are mostly covered in iridescent scales. (AC +4) [demonic ancestry]
  1702 | D:3      | Reached XP level 5. HP: 40/40 MP: 1/5
  1900 | D:3      | Noticed Robin
  1905 | D:3      | Reached skill level 4 in Staves
  1914 | D:3      | Killed Robin
  2964 | D:4      | Gained mutation: A demonic guardian rushes to your aid. [demonic ancestry]
  2964 | D:4      | Reached XP level 6. HP: 47/47 MP: 2/6
  3149 | D:4      | Found a white marble altar of Elyvilon.
  3335 | D:5      | Entered Level 5 of the Dungeon
  3618 | D:5      | Noticed a sky beast
  3629 | D:5      | Killed a sky beast
  3635 | D:5      | Gained mutation: You are completely covered in iridescent scales. (AC +6) [mutagenic meat]
  3636 | D:5      | Gained mutation: You can translocate small distances at will. [mutagenic meat]
  3770 | D:5      | Reached skill level 5 in Staves
  3998 | D:5      | Found Ciugeil's Armour Emporium.
  4001 | D:5      | Reached XP level 7. HP: 53/53 MP: 2/7
  4270 | D:5      | Learned a level 1 spell: Confusing Touch
  4584 | D:6      | Reached skill level 1 in Hexes
  4597 | D:6      | Found a staircase to the Ecumenical Temple.
  4767 | D:6      | Reached XP level 8. HP: 50/61 MP: 2/8
  4998 | D:6      | Reached skill level 6 in Staves
  5422 | D:7      | Noticed kae's ghost (novice HOFi)
  5720 | D:7      | Killed kae's ghost
  5720 | D:7      | Reached skill level 5 in Fighting
  5720 | D:7      | Reached skill level 5 in Dodging
  5773 | D:7      | Found a glowing golden altar of the Shining One.
  5777 | D:7      | Found a deep blue altar of Sif Muna.
  5783 | D:7      | Found a radiant altar of Vehumet.
  6198 | D:7      | Noticed a seven-headed hydra
  6284 | D:7      | Slain by a seven-headed hydra

Vault maps used:
D:1:      minmay_arrival_split_and_join, minmay_misc_feat_ornament
D:2:      first_bread, uniq_jessica
D:3:      chequers_ecumenical_altar_simple_redux, uniq_robin, uniq_ijyb
D:4:      kennysheep_six_static_rooms, elyvilon_altar_4
D:5:      serial_shops, shop, hangedman_decor_peaks_small
D:6:      minmay_temple_entry_mist, serial_glass, glass_columns_b,
          glass_columns_b
D:7:      minmay_overflow_temple_star_quad, grunt_livestock,
          trog_three_pillars_becter

Skill      XL: |  1  2  3  4  5  6  7  8 |
---------------+-------------------------+-----
Staves         | 3 4 5 6 |  6.8
Throwing       | 2 3 4 |  4.6
Dodging        | 3 4 5 |  5.1
Fighting       | 3 4 5 |  5.2
Hexes          | 1 2 |  2.9

Action                   |  1- 3 |  4- 6 |  7- 9 || total
-------------------------+-------+-------+-------++-------
Melee: Quarterstaff      |    48 |    17 |       ||    65
       Trident           |       |   182 |   194 ||   376
       Kick              |       |    41 |    57 ||    98
Throw: Javelin           |       |       |     1 ||     1
 Cast: Confusing Touch   |       |       |     2 ||     2
  Eat: Chunk             |       |    12 |     5 ||    17
       Royal jelly       |       |       |     1 ||     1
Armor: Scale mail        |    28 |    62 |       ||    90
       Leather armour    |       |    28 |   135 ||   163
Dodge: Dodged            |    31 |   166 |   226 ||   423

Table legend:
 A = Spawn XP
 B = Non-spawn XP
 C = Spawn XP percentage of total XP
 D = Spawn monster count
 E = Non-spawn monster count
 F = Spawn count percentage of total count
 G = Total turns spent on level
                    A         B        C        D         E        F      G
               +---------+---------+-------+---------+---------+-------+---------
         Total |       0 |    2484 |   0.0 |       0 |     152 |   0.0 |  6284
               +---------+---------+-------+---------+---------+-------+---------
           D:1 |       0 |      14 |   0.0 |       0 |       7 |   0.0 |   858
           D:2 |       0 |     113 |   0.0 |       0 |      26 |   0.0 |   713
           D:3 |       0 |     139 |   0.0 |       0 |      34 |   0.0 |   902
           D:4 |       0 |     218 |   0.0 |       0 |      13 |   0.0 |   862
           D:5 |       0 |     645 |   0.0 |       0 |      26 |   0.0 |  1244
           D:6 |       0 |     545 |   0.0 |       0 |      26 |   0.0 |  1125
           D:7 |       0 |     810 |   0.0 |       0 |      20 |   0.0 |   580
               +---------+---------+-------+---------+---------+-------+---------
